 Dungeon Crawl Stone Soup version 0.32-a0-361-g289a535e89 (webtiles) character file.

Game seed: 4000986857051296543

5558 Bravepunisher the Pandemonic (level 10, 0/51 HPs)
             Began as a Spriggan Monk on Feb 18, 2024.
             Was a High Priest of Makhleb.
             Slain by a troll (10 damage)
             ... led by an orc knight
             ... on level 1 of the Orcish Mines.
             The game lasted 00:33:44 (8577 turns).

Bravepunisher the Pandemonic (Spriggan Monk)        Turns: 8577, Time: 00:33:45

Health: 0/51       AC:  8    Str:  7    XL:     10   Next: 44%
Magic:  20/20      EV: 20    Int: 11    God:    Makhleb [*****.]
Gold:   174        SH:  5    Dex: 23    Spells: 9/9 levels left

rFire   . . .        L - +7 rapier of the Curious Shrikes {drain, ^Drain rC+ SInv}
rCold   + + .        h - +0 buckler
rNeg    . . .        b - +0 acid dragon scales
rPois   .            (helmet restricted)
rElec   .            F - +1 cloak {Stlth+}
rCorr   +            (gloves unavailable)
SInv    +            (boots unavailable)
Will    +....        I - amulet of regeneration
Stlth   +++          z - ring of protection from cold
HPRegen 1.08/turn    (no ring)
MPRegen 0.17/turn

%: no passive effects
@: very quick
A: very small, no large weapons, unfitting armour, see invisible, speed 3
a: Renounce Religion, Minor Destruction, Lesser Servant of Makhleb, Major
Destruction, Greater Servant of Makhleb


You were on level 1 of the Orcish Mines.
You worshipped Makhleb.
Makhleb was extremely pleased with you.
You visited 3 branches of the dungeon, and saw 11 of its levels.

You collected 507 gold pieces.
You spent 333 gold pieces at shops.

Inventory:

Hand Weapons
 L - the +7 rapier of the Curious Shrikes (weapon) {drain, ^Drain rC+ SInv}
   (You bought it in a shop on level 8 of the Dungeon)

   rC+:       It protects you from cold.
   SInv:      It lets you see invisible.
   ^Drain:    It drains your maximum health when unequipped.
Missiles
 D - 2 throwing nets (quivered)
Armour
 b - +0 acid dragon scales (worn)
 h - a +0 buckler (worn)
 F - a +1 cloak of stealth (worn)
Jewellery
 z - a ring of protection from cold (left hand)
 I - an amulet of regeneration (around neck)
Wands
 m - a wand of flame (24)
 E - a wand of polymorph (18)
 H - a wand of roots (3)
Scrolls
 a - 6 scrolls of fog {unknown}
 d - 2 scrolls of enchant armour {unknown}
 f - 7 scrolls of identify {unknown}
 g - a scroll of blinking {unknown}
 j - 4 scrolls of teleportation {unknown}
 k - 2 scrolls of butterflies {unknown}
 n - a scroll of amnesia {unknown}
 q - a scroll of enchant weapon {unknown}
 t - 3 scrolls of immolation {unknown}
 w - a scroll of torment {unknown}
 x - a scroll of poison {unknown}
 y - 2 scrolls of brand weapon {unknown}
 A - a scroll of noise {unknown}
 C - a scroll of revelation {unknown}
Potions
 c - 2 potions of ambrosia
 e - 2 potions of degeneration {unknown}
 i - 3 potions of heal wounds {unknown}
 l - 3 potions of brilliance {unknown}
 o - 2 potions of cancellation {unknown}
 p - a potion of attraction {unknown}
 r - 6 potions of lignification {unknown}
 s - 2 potions of enlightenment {unknown}
 u - a potion of mutation {unknown}
 v - a potion of berserk rage {unknown}
 B - a potion of resistance {unknown}
 G - 2 potions of haste {unknown}
 J - a potion of invisibility {unknown}
 K - 2 potions of curing {unknown}


   Skills:
 + Level 5.0 Fighting
 + Level 4.4 Short Blades
 + Level 0.0 Armour
 - Level 7.3 Dodging
 + Level 1.8 Shields
 * Level 13.2 Invocations


You had 9 spell levels left.
You didn't know any spells.
Your spell library contained the following spells:

 Spells                   Type           Power      Damage    Failure   Level
 Freeze                   Ice            0%         1d3       73%         1
 Shock                    Conj/Air       0%         1d3       73%         1
 Summon Small Mammal      Summ           0%         N/A       73%         1
 Call Canine Familiar     Summ           0%         N/A       97%         3
 Dazzling Flash           Conj/Hex       0%         N/A       97%         3
 Frozen Ramparts          Ice            0%         1d1       97%         3
 Hailstorm                Conj/Ice       0%         3d5       97%         3
 Mephitic Cloud           Conj/Alch/Air  0%         N/A       97%         3
 Summon Blazeheart Golem  Fire/Summ      0%         N/A       100%        4
 Summon Lightning Spire   Summ/Air       0%         N/A       100%        4
 Curse of Agony           Necr           0%         N/A       100%        5
 Freezing Cloud           Conj/Ice/Air   0%         6-21      100%        5
 Silence                  Hex/Air        0%         N/A       100%        5
 Conjure Ball Lightning   Conj/Air       0%         3x3d6     100%        6
 Haunt                    Necr/Summ      0%         N/A       100%        7
 Maxwell's Capacitive Co  Air            0%         ∞         100%        8


Dungeon Overview and Level Annotations

Branches:
Dungeon (9/15)             Temple (1/1) D:7            Lair (0/5) D:9
    Orc (1/2) D:9

Altars:
Cheibriados
Dithmenos
Elyvilon
Fedhas
Gozag
Hepliaklqana
Kikubaaqudgha
Makhleb
Nemelex Xobeh
Okawaru
Qazlal
Ru
Sif Muna
Trog
Uskayaw
Vehumet
Xom
Yredelemnul
Zin
The Shining One

Shops:
D:1 :   D:8 ((:

Annotations:
D:9 Erolcha


Innate Abilities, Weirdness & Mutations

You are very small and have problems with some larger weapons.
You are too small for most types of armour.
You have supernaturally acute eyesight. (SInv)
You cover ground extremely quickly. (Speed+++)


Message History

The iron shot hits the orc knight!!
Aiming: Minor Destruction (0% risk of failure)
Press: ? - help, Shift-Dir - straight line, f/p - orc knight
Aim: an orc knight, wielding a +0 war axe and wearing a +0 plate armour (almost dead, not watching you, ally target)
The zap hits the orc knight but does no damage.
The orc knight is almost dead.
The zap hits your ufetubus!
Your ufetubus is severely wounded.
Your ufetubus disappears in a puff of smoke!
Your ufetubus hits the orc knight but does no damage.
Your ufetubus barely misses the orc knight.
The orc warrior barely misses your ynoxinul.
Your ynoxinul barely misses the orc knight.
Your ufetubus hits the orc knight.
Your ufetubus barely misses the orc knight.
The orc warrior hits your ynoxinul with a +0 hand axe!
Your ynoxinul gestures.
Unknown command.
Your ufetubus slips past the orc warrior!
Your ufetubus closely misses the orc warrior.
Your ufetubus hits the orc warrior.
Your ufetubus barely misses the orc.
Your ufetubus closely misses the orc.
The orc hits your ufetubus with a +0 dagger.
The orc warrior hits you with a +0 hand axe!
The orc warrior hits your ufetubus with a +0 hand axe!
Your ufetubus dies!
Your ufetubus disappears in a puff of smoke!
The orc warrior hits your ynoxinul with a +0 hand axe.
Your ynoxinul dies!
Your ynoxinul disappears in a puff of smoke!
Your ufetubus disappears in a puff of smoke! x3
The orc warrior no longer looks unusually strong.
The orc knight roars a battlecry!
The orc warrior goes into a battle-frenzy!
The orc misses you. The troll attacks as it pursues you!
The troll bites you but does no damage. The troll claws you!
* * * LOW HITPOINT WARNING * * *
The troll claws you!
You die...

#. #....... ..
#.##...o...##..
...........#.#.
#.............#####
.....#.........#..##
........#..##......#
...........##.....#
.......<>.##.@.##.##
#............T.....#
##...#.#...........#
#......#....$oo..##
#..........#..oo.o#
#..#..............##
...................#
#.................##
#....#........##.##


You could see an orc knight, a troll, 2 orc warriors and 2 orcs.

Vanquished Creatures
  A troll (D:9)
  Sigmund (D:6)
  A wyvern (D:9)
  4 yaks (D:9)
  2 water moccasins
  2 sky beasts
  An ice beast (D:7)
  2 hornet zombies (D:7)
  2 black bears
  3 wolves (D:9)
  An ogre (D:5)
  2 centaurs (D:8)
  4 phantoms
  6 kobold brigands
  A bullfrog (D:6)
  3 scorpions
  A wyvern zombie (D:7)
  10 wights
  A gnoll sergeant (D:9)
  4 killer bees (D:8)
  A howler monkey (D:6)
  A centaur zombie (D:7)
  4 orc priests
  A bullfrog zombie (D:7)
  A bombardier beetle (D:7)
  Crazy Yiuf (D:5)
  8 hounds
  4 jellies
  3 iguanas
  5 orc wizards
  A howler monkey zombie (D:7)
  Robin (D:3)
  6 gnolls
  7 adders
  3 white imps
  2 ufetubi (D:6)
  6 dart slugs
  2 ribbon worms (D:2)
  15 orcs
  6 ball pythons
  9 bats
  11 endoplasms
  4 giant cockroaches
  14 goblins
  7 hobgoblins
  3 quokkas
  4 frilled lizards
  28 kobolds
  2 rats
212 creatures vanquished.

Vanquished Creatures (collateral kills)
  An acid dragon (D:9)
  An orc (D:8)
  3 kobolds (D:9)
5 creatures vanquished.

Grand Total: 217 creatures vanquished

Notes
Turn   | Place    | Note
-------+----------+-------------------------------------------
     0 | D:1      | Bravepunisher the Spriggan Monk began the quest for the
                  | Orb.
     0 | D:1      | Reached XP level 1. HP: 11/11 MP: 2/2
   364 | D:2      | You fall into a shaft and drop 2 floors!
   398 | D:4      | Noticed a hound
   409 | D:4      | Killed a hound
   410 | D:4      | Reached skill level 5 in Dodging
   410 | D:4      | Reached XP level 2. HP: 15/16 MP: 3/3
   410 | D:4      | Reached XP level 3. HP: 18/19 MP: 4/4
   416 | D:5      | Entered Level 5 of the Dungeon
   417 | D:5      | Noticed an ogre
   435 | D:4      | Identified the +6 quarterstaff "Omiuwal" {protect, Will+
                  | Int+4}
   545 | D:4      | Noticed a phantom
   574 | D:5      | Reached XP level 4. HP: 18/24 MP: 5/5
   693 | D:5      | Noticed a black bear
   695 | D:5      | Found a hide-covered altar of Uskayaw.
   745 | D:5      | Noticed a phantom
   875 | D:5      | Noticed a scorpion
   914 | D:5      | Found an opulent altar of Gozag.
  1141 | D:6      | Reached XP level 5. HP: 23/28 MP: 6/6
  1206 | D:6      | Noticed a water moccasin
  1347 | D:7      | Found a glowing golden altar of the Shining One.
  1471 | D:6      | Noticed Sigmund
  1519 | D:6      | Noticed a sky beast
  1548 | D:7      | Noticed a phantom
  1561 | D:7      | Killed a phantom
  1753 | D:7      | Noticed a steam dragon
  1779 | D:7      | Found a staircase to the Ecumenical Temple.
  1790 | Temple   | Entered the Ecumenical Temple
  1806 | Temple   | Became a worshipper of Makhleb the Destroyer
  1806 | Temple   | Reached * piety under Makhleb
  1806 | Temple   | Reached ** piety under Makhleb
  1891 | D:7      | Reached skill level 1 in Invocations
  2051 | D:2      | Reached XP level 6. HP: 32/32 MP: 8/8
  2092 | D:1      | Reached skill level 2 in Invocations
  2094 | D:1      | Found Lyhet's Vocational Training.
  3487 | D:3      | Reached skill level 3 in Invocations
  3509 | D:3      | Noticed Robin
  3536 | D:3      | Killed Robin
  3696 | D:3      | Found a faded altar of an unknown god.
  3747 | D:3      | Reached skill level 4 in Invocations
  3750 | D:3      | Reached *** piety under Makhleb
  4092 | D:4      | Reached XP level 7. HP: 36/36 MP: 11/11
  4312 | D:4      | Reached skill level 5 in Invocations
  4937 | D:5      | Reached skill level 6 in Invocations
  4984 | D:5      | Found a runed translucent door.
  4985 | D:5      | Noticed Crazy Yiuf
  5001 | D:5      | Killed Crazy Yiuf
  5111 | D:5      | Reached skill level 7 in Invocations
  5153 | D:5      | Reached XP level 8. HP: 41/41 MP: 14/14
  5390 | D:6      | Reached skill level 8 in Invocations
  5479 | D:6      | Killed Sigmund
  5615 | D:6      | Reached **** piety under Makhleb
  5616 | D:6      | Reached skill level 9 in Invocations
  5942 | D:6      | Reached skill level 10 in Invocations
  6088 | D:6      | Reached XP level 9. HP: 44/44 MP: 17/17
  6245 | D:6      | Got Sif Muna's Tractate on Generative Vapour
  6516 | D:7      | Reached skill level 11 in Invocations
  6939 | D:8      | Found Hoixi's Weapon Emporium.
  6954 | D:8      | Found an iron altar of Okawaru.
  7032 | D:8      | Reached skill level 12 in Invocations
  7249 | D:8      | Found a shadowy altar of Dithmenos.
  7292 | D:8      | Found Hoicam Egri's Antique Weapon Emporium.
  7334 | D:8      | Found Eqa Ykuw's Book Shoppe.
  7871 | D:8      | Bought a glimmering rapier for 333 gold pieces
  7871 | D:8      | Identified the +7 rapier of the Curious Shrikes {drain,
                  | ^Drain rC+ SInv} (You bought it in a shop on level 8 of the
                  | Dungeon)
  8036 | D:9      | Reached XP level 10. HP: 51/51 MP: 20/20
  8087 | D:9      | Found a shimmering altar of Xom.
  8177 | D:9      | Reached skill level 1 in Shields
  8217 | D:9      | Reached ***** piety under Makhleb
  8226 | D:9      | Found a staircase to the Lair.
  8228 | D:9      | Reached skill level 13 in Invocations
  8275 | D:9      | Noticed Erolcha
  8406 | D:9      | Got the Elucidation of Fulgurant Freezing
  8440 | D:9      | Reached skill level 5 in Fighting
  8470 | D:9      | Found a staircase to the Orcish Mines.
  8474 | Orc:1    | Entered Level 1 of the Orcish Mines
  8540 | Orc:1    | Noticed an orc knight
  8577 | Orc:1    | Slain by a troll

Illustrated notes

Levels and vault maps discovered:
D:1:      elethiomel_arrival_infinity_welcomes_careful_drivers,
          layout_loops_corners, nicolae_shop_vocational
D:2:      layout_loops_ring
D:3:      layout_loops_cross, shapermc_ecumenical_altar_notcrosses, uniq_robin
D:4:      layout_basic
D:5:      layout_loops_corners, lemuel_coloured_pillars_altar,
          nicolae_uskayaw_suspiria, serial_glass, glass_columns_a,
          glass_columns_a, glass_columns_a, glass_columns_b, glass_columns_a,
          glass_columns_a, glass_columns_a, glass_columns_c,
          uniq_crazy_yiuf_cottage
D:6:      layout_loops_corners, minmay_chambers_of_fives, uniq_sigmund
D:7:      layout_basic, mainiacjoe_overflow_concentric_impassable,
          minmay_temple_entry_glassed_door, serial_undead, serial_undead_a,
          serial_undead_c, serial_undead_d, serial_undead_c
D:8:      layout_basic, amcnicky_altar_gilded, grunt_dithmenos_shadows,
          serial_shops, shop, shop, shop
D:9:      layout_loops_ring, mainiacjoe_overflow_alcove_4,
          mainiacjoe_overflow_brackets, erik_lair_island, orc_0_dummy,
          special_room [special_room_orc], kennysheep_generic_room_12,
          uniq_erolcha
Temple:   nicolae_temple_superstar
Orc:1:    layout_caves

Skill      XL: |  1  2  3  4  5  6  7  8  9 10 |
---------------+-------------------------------+-----
Dodging        | 5 6 7 |  7.3
Fighting       | 3 4 5 |  5.0
Invocations    | 1 4 7 10 12 13 | 13.2
Shields        | 1 |  1.8
Short Blades   | 4 |  4.4

Action                     |  1- 3 |  4- 6 |  7- 9 | 10-12 || total
---------------------------+-------+-------+-------+-------++-------
  Melee: Short sword       |    32 |       |       |       ||    32
         Quarterstaff      |    11 |    95 |   128 |       ||   234
         Rapier            |       |       |       |    68 ||    68
  Throw: Throwing net      |       |       |     3 |       ||     3
 Invoke: Minor Destruction |       |    96 |   256 |    58 ||   410
         Lesser Servant of |       |       |     2 |     3 ||     5
  Evoke: Wand              |       |     1 |     2 |       ||     3
   Stab: Sleeping          |     1 |     2 |       |       ||     3
         Distracted        |       |       |       |     2 ||     2
 Armour: Robe              |    19 |    36 |    75 |     6 ||   136
         Acid dragon scale |       |       |       |     9 ||     9
         Troll leather arm |       |       |       |     5 ||     5
  Dodge: Dodged            |    63 |   124 |   244 |    54 ||   485
  Block: Buckler           |       |       |       |    21 ||    21

Table legend: (Time is in decaauts)
 A = Elapsed time spent in this place.
 B = Non-inter-level travel time spent in this place.
 C = Inter-level travel time spent in this place.
 D = Time resting spent in this place.
 E = Time spent auto-exploring this place.
 F = Levels seen in this place.
 G = Mean time per level.
                   A        B        C        D        E       F      G
               +--------+--------+--------+--------+--------+-----+--------+
         Total |   6044 |   5804 |    240 |    119 |   3526 |  11 |  549.5 |
       Dungeon |   5978 |   5756 |    222 |    100 |   3526 |   9 |  664.2 |
        Temple |     20 |      2 |     18 |      0 |      0 |   1 |   20.0 |
  Orcish Mines |     45 |     45 |      0 |     19 |      0 |   1 |   45.0 |
               +--------+--------+--------+--------+--------+-----+--------+

Top non-repeatable levels by time:
     D:6: 1048 daAuts
     D:5: 817 daAuts
     D:7: 721 daAuts
     D:1: 703 daAuts
     D:8: 699 daAuts
     D:4: 619 daAuts
     D:3: 505 daAuts
     D:2: 470 daAuts
     D:9: 393 daAuts
   Orc:1: 45 daAuts
  Temple: 20 daAuts
